 Dungeon Crawl Stone Soup version 0.31-a0-986-g5e6e4ef867 (webtiles) character file.

Game seed: 13825935981770535923

25 Swimmer the Slasher (level 2, -1/27 HPs)
             Began as a Minotaur Cinder Acolyte on Nov 22, 2023.
             Was a High Priest of Ignis.
             Slain by an endoplasm (3 damage)
             ... on level 1 of the Dungeon.
             The game lasted 00:05:15 (339 turns).

Swimmer the Slasher (Minotaur Cinder Acolyte)        Turns: 339, Time: 00:05:16

Health: -1/27      AC:  2    Str: 18    XL:     2   Next: 86%
Magic:  2/2        EV: 11    Int: 11    God:    Ignis [*****.]
Gold:   34         SH:  0    Dex:  5    Spells: 3/3 levels left

rFire   + . .        a - -1 falchion (flame)
rCold   . . .        (no shield)
rNeg    . . .        b - +0 robe
rPois   .            (helmet restricted)
rElec   .            (no cloak)
rCorr   .            (no gloves)
SInv    .            (no boots)
Will    .....        (no amulet)
Stlth   +            (no ring)
HPRegen 0.24/turn    (no ring)
MPRegen 0.08/turn

%: no passive effects
@: no status effects
A: horns 2, retaliatory headbutt
a: Renounce Religion, Fiery Armour, Foxfire Swarm, Rising Flame


You were on level 1 of the Dungeon.
You worshipped Ignis.
Ignis was extremely pleased with you.
You visited 1 branch of the dungeon, and saw 1 of its levels.

You collected 34 gold pieces.

Inventory:

Hand Weapons
 a - a -1 falchion of flaming (weapon)
 d - a +0 sling
 i - a +0 club
 j - a +0 short sword
 l - a +0 dagger
 n - a +0 club
Missiles
 k - 8 stones
Armour
 b - a +0 robe (worn)
 e - a +0 robe
 m - a +0 leather armour
Scrolls
 c - 2 scrolls of identify {unknown}
 g - a scroll of fog {unknown}
Potions
 f - a potion of degeneration {unknown}
 h - 2 potions of haste {unknown}


   Skills:
 + Level 3.9 Fighting
 + Level 4.1 Long Blades
 + Level 0.3 Dodging
 + Level 1.0 Spellcasting
 + Level 2.5 Fire Magic


You had 3 spell levels left.
You didn't know any spells.
Your spell library contained the following spells:

 Spells                   Type           Power      Damage    Failure   Level
 Scorch                   Fire           12%        2d5       17%         2


Dungeon Overview and Level Annotations

Branches:
Dungeon (1/15)

Altars:


Innate Abilities, Weirdness & Mutations

You have a pair of horns on your head.
You reflexively headbutt those who attack you in melee.


Message History

You see here a +0 whip.
You hit the kobold. You burn the kobold.
You kill the kobold!
The frilled lizard misses you. The hobgoblin hits you.
You closely miss the frilled lizard. The frilled lizard barely misses you.
The hobgoblin barely misses you.
You miss the frilled lizard.
The frilled lizard completely misses you.
The hobgoblin hits you.
The frilled lizard bites you but does no damage.
You barely miss the frilled lizard.
Your headbutt misses the frilled lizard.
The hobgoblin barely misses you. The frilled lizard bites you.
The hobgoblin hits you.
An endoplasm comes into view.
You hit the frilled lizard but do no damage.
The frilled lizard bites you. The hobgoblin barely misses you.
You hit the frilled lizard. You burn the frilled lizard.
You kill the frilled lizard!
The hobgoblin hits you.
The hobgoblin attacks as it pursues you!
The hobgoblin hits you but does no damage.
You barely miss the hobgoblin. The hobgoblin hits you.
The endoplasm attacks as it pursues you!
The endoplasm hits you.
* * * LOW HITPOINT WARNING * * *
The hobgoblin attacks as it pursues you!
The hobgoblin hits you.
* * * LOW HITPOINT WARNING * * *
The endoplasm attacks as it pursues you!
The endoplasm hits you.
* * * LOW HITPOINT WARNING * * *
You hit the hobgoblin but do no damage. The hobgoblin hits you.
* * * LOW HITPOINT WARNING * * *
The endoplasm misses you.
You hit the hobgoblin but do no damage. The hobgoblin barely misses you.
The endoplasm closely misses you.
You barely miss the hobgoblin. Your headbutt misses the hobgoblin.
The hobgoblin closely misses you. The endoplasm hits you.
You die...

. #. #. #[. # #.### .. ...#
#.####?## ##### #...$#..####
######...# #...))..g@.#
#....#.#.#
#.#.?...J..#####....#.#.#
##.......#...#....#.#.##
.......†....††...........
###.......#...#....#.#...
.##########.......#...#....#.##.#
...............########....#....#
#......######.# ###########
...####...## #.#


You could see an endoplasm and a hobgoblin.

Vanquished Creatures
  2 bats (D:1)
  An endoplasm (D:1)
  2 goblins (D:1)
  A hobgoblin (D:1)
  4 jackals (D:1)
  5 kobolds (D:1)
  2 ball pythons (D:1)
  3 frilled lizards (D:1)
  3 rats (D:1)
23 creatures vanquished.

Notes
Turn   | Place    | Note
-------+----------+-------------------------------------------
     0 | D:1      | Swimmer the Minotaur Cinder Acolyte began the quest for the
                  | Orb.
     0 | D:1      | Reached XP level 1. HP: 19/19 MP: 1/1
   185 | D:1      | Reached XP level 2. HP: 22/27 MP: 2/2
   208 | D:1      | Reached skill level 4 in Long Blades
   339 | D:1      | Slain by an endoplasm

Illustrated notes

Levels and vault maps discovered:
D:1:      tarquinn_simple_flora_water_a, layout_basic, minmay_strange_pillars,
          minmay_statues_item, serial_park_tiny_2, minmay_pentomino_q4

Skill      XL: |  1  2 |
---------------+-------+-----
Long Blades    | 4 |  4.1
Fighting       | |  3.9
Dodging        | |  0.3
Spellcasting   | |  1.0
Fire Magic     | |  2.5

Action                     || total
---------------------------++-------
  Melee: Falchion          ||    49
         Headbutt          ||     4
         Punch             ||     1
 Armour: Robe              ||    40
  Dodge: Dodged            ||    42

Table legend: (Time is in decaauts)
 A = Elapsed time spent in this place.
 B = Non-inter-level travel time spent in this place.
 C = Inter-level travel time spent in this place.
 D = Time resting spent in this place.
 E = Time spent auto-exploring this place.
 F = Levels seen in this place.
 G = Mean time per level.
                   A        B        C        D        E       F      G
               +--------+--------+--------+--------+--------+-----+--------+
         Total |    343 |    252 |     91 |      0 |      0 |   1 |  343.0 |
       Dungeon |    343 |    252 |     91 |      0 |      0 |   1 |  343.0 |
               +--------+--------+--------+--------+--------+-----+--------+

Top non-repeatable levels by time:
     D:1: 343 daAuts
